AoeStats
← Luc

Arena

504580690Analyzed
3v3 RM · 28d ago on Sep 5, 2026· 64m 39s· 6 players
Game mode
Random Map
Map size
Normal (6 player)
Population
200
Speed
Normal
Resources
Standard
Victory
Conquest
Starting age
Dark Age
Ending age
Imperial Age
RankedLock teamsTeams togetherTeam positionsShared explorationLock speedFull tech treeHidden civsTurbo modeCheats
Victory
Defeat
🇹🇷 Burmese · Türkiye
1126
+16
🇹🇷 Persians · Türkiye
1065
+19
🇹🇷 Khmer · Türkiye
993
+21
🇧🇪 Slavs · Belgium
1195
-21
🇬🇧 Tupi · United Kingdom
1147
-20
🇩🇪 Armenians · Germany
1029
-15
Bela
10:13 Feudal Age
15:52 Castle Age
16:35 Wheelbarrow
17:22 Double-Bit Axe
25:21 Horse Collar
29:44 Husbandry
33:24 Imperial Age
30:39 Loom
30:45 Loom
31:10 Scale Barding Armor
30:36 Crossbowman
31:55 Kamandaran
32:20 Bow Saw
32:14 Padded Archer Armor
32:34 Chain Barding Armor
32:05 Fletching
32:14 Stone Mining
33:12 Thumb Ring
33:35 Ballistics
33:10 Murder Holes
33:30 Bloodlines
33:27 Heavy Plow
33:28 Gold Mining
34:13 Stone Shaft Mining
35:01 Two-Man Saw
34:54 Crop Rotation
35:57 Conscription
35:42 Bodkin Arrow
36:02 Leather Archer Armor
36:23 Plate Barding Armor
36:00 Forging
36:20 Hand Cart
35:51 Town Watch
36:20 Cavalier
38:12 Light Cavalry
38:12 Savar
44:33 Ring Archer Armor
45:31 Hussar
45:55 Hussar
46:53 Hussar
46:59 Hussar
47:30 Hussar
51:07 Gold Shaft Mining
51:10 Iron Casting
58:18 Chemistry
MEFEYE
10:39 Feudal Age
13:36 Loom
16:04 Castle Age
14:16 Horse Collar
17:13 Wheelbarrow
22:19 Fletching
25:52 Heavy Plow
27:16 Ballistics
32:34 Imperial Age
31:04 Hand Cart
30:35 Town Watch
33:25 Scale Barding Armor
33:31 Forging
33:23 Town Patrol
34:02 Crop Rotation
34:16 Husbandry
34:40 Chain Barding Armor
34:14 Gold Mining
34:14 Stone Mining
34:59 Bloodlines
37:27 Plate Barding Armor
37:28 Iron Casting
37:06 Elite Battle Elephant
37:23 Light Cavalry
39:08 Conscription
38:56 Manipur Cavalry
40:32 Blast Furnace
39:55 Hussar
42:06 Howdah
42:37 Masonry
43:55 Cavalier
44:57 Fortified Wall
52:02 Elite Arambai
52:44 Padded Archer Armor
52:40 Bodkin Arrow
53:47 Chemistry
53:18 Architecture
52:54 Siege Engineers
58:19 Coinage
58:59 Bracer
62:39 Murder Holes
62:24 Treadmill Crane
62:59 Scale Mail Armor
eneseymen8717
10:13 Feudal Age
13:18 Castle Age
11:36 Double-Bit Axe
12:29 Horse Collar
14:45 Bow Saw
16:17 Fervor
17:35 Wheelbarrow
18:56 Loom
20:37 Gold Mining
21:01 Heavy Plow
24:13 Fortified Wall
24:23 Hand Cart
24:22 Town Watch
27:35 Imperial Age
25:30 Masonry
26:12 Gold Shaft Mining
25:29 Stone Mining
26:40 Murder Holes
27:35 Stone Shaft Mining
29:39 Crop Rotation
29:21 Heavy Scorpion
32:09 Conscription
34:44 Hoardings
33:30 Elite Ballista Elephant
39:20 Tusk Swords
39:22 Double Crossbow
45:17 Scale Barding Armor
45:23 Forging
45:03 Fletching
45:14 Padded Archer Armor
49:14 Caravan
49:44 Coinage
56:52 Chain Barding Armor
57:07 Iron Casting
59:29 Siege Engineers
62:23 Chemistry
61:43 Ballistics
JakeOtto
10:17 Feudal Age
8:33 Loom
16:19 Castle Age
14:59 Horse Collar
15:05 Double-Bit Axe
17:31 Town Watch
18:09 Bow Saw
19:00 Gold Mining
21:25 Heavy Plow
22:15 Pikeman
23:26 Squires
23:58 Scale Mail Armor
30:41 Imperial Age
29:19 Forging
29:43 Fletching
30:36 Wheelbarrow
30:13 Padded Archer Armor
30:27 Bodkin Arrow
32:44 Two-Man Saw
33:03 Iron Casting
33:35 Hand Cart
33:19 Halberdier
33:21 Elite Skirmisher
34:26 Chain Mail Armor
34:44 Conscription
35:53 Bracer
37:00 Ballistics
37:14 Leather Archer Armor
37:17 Elite Blackwood Archer
39:53 Plate Mail Armor
40:34 Elite Skirmisher
40:43 Elite Skirmisher
42:22 Caravan
43:02 Ring Archer Armor
42:48 Capped Ram
44:48 Curare
44:50 Caciques
46:56 Champi Runner
47:44 Champi Warrior
49:09 Elite Champi Warrior
51:27 Crossbowman
53:28 Chemistry
52:02 Arbalester
53:56 Siege Ram
Luc
11:18 Feudal Age
16:02 Castle Age
14:43 Horse Collar
14:51 Double-Bit Axe
17:46 Wheelbarrow
17:13 Heavy Plow
21:07 Hand Cart
21:22 Gold Mining
22:45 Gold Shaft Mining
22:04 Stone Mining
24:14 Scale Mail Armor
24:24 Forging
28:04 Loom
29:08 Iron Casting
28:48 Chain Mail Armor
29:08 Fletching
28:52 Pikeman
29:32 Squires
29:51 Masonry
32:19 Imperial Age
29:37 Loom
30:19 Bow Saw
31:07 Ballistics
31:37 Detinets
31:39 Bodkin Arrow
32:25 Halberdier
33:25 Onager
35:59 Siege Engineers
37:23 Chemistry
39:20 Blast Furnace
38:50 Plate Mail Armor
45:06 Plate Mail Armor
53:12 Coinage
53:06 Conscription
53:45 Druzhina
58:01 Capped Ram
60:43 Siege Ram
cocoloco
11:16 Feudal Age
12:15 Double-Bit Axe
13:02 Loom
16:05 Castle Age
14:52 Horse Collar
17:21 Bow Saw
23:09 Wheelbarrow
22:22 Town Watch
22:47 Scale Mail Armor
24:24 Gold Mining
29:56 Imperial Age
28:37 Ballistics
28:35 Fortified Wall
28:46 Ballistics
28:50 Fletching
31:25 Bodkin Arrow
31:30 Padded Archer Armor
33:30 Conscription
34:18 Chemistry
33:35 Elite Composite Bowman
34:51 Hoardings
35:00 Bracer
35:16 Leather Archer Armor
37:02 Pikeman
37:43 Squires
38:16 Ring Archer Armor
38:01 Chain Mail Armor
37:57 Forging
37:50 Halberdier
37:56 Halberdier
47:38 Plate Mail Armor
47:44 Iron Casting
48:41 Scale Barding Armor
49:08 Light Cavalry
49:58 Bloodlines
51:01 Blast Furnace
49:44 Cavalier
50:25 Husbandry
58:32 Chain Barding Armor
59:36 Caravan
Connection lost

Rejoining the realm…

Still unreachable

The connection could not be restored.

Session expired

The server has moved on; the page needs a fresh start.